 Dungeon Crawl Stone Soup version 0.31.0-11-ge490571c62 (webtiles) character file.

Game seed: 14292885403691455929

29 Gadfly the Trooper (level 3, 29/29 HPs)
             Began as a Demonspawn Monk on Jan 28, 2024.
             Quit the game on level 2 of the Dungeon.
             The game lasted 00:01:03 (1043 turns).

Gadfly the Trooper (Demonspawn Monk)                Turns: 1043, Time: 00:01:03

Health: 29/29      AC:  4    Str: 13    XL:     3   Next: 1%
Magic:  3/3        EV: 13    Int: 10    God:
Gold:   71         SH:  0    Dex: 15    Spells: 2/2 levels left

rFire   . .          .
                       - Unarmed
rCold   . . .        c - orb {light}
rNeg    . . .        a - +0 robe
rPois   .            (no helmet)
rElec   .            (no cloak)
rCorr   .            (no gloves)
SInv    .            (no boots)
Will    .....        (no amulet)
Stlth   +            (no ring)
HPRegen 0.24/turn    (no ring)
MPRegen 0.08/turn

%: no passive effects
@: glowing
A: icy blue scales 1, demonic magic 1
a: no special abilities


You were on level 2 of the Dungeon.
You visited 1 branch of the dungeon, and saw 2 of its levels.

You collected 71 gold pieces.

Inventory:

Armour
 a - a +0 robe (worn)
 c - an orb of light (worn)
Scrolls
 f - 2 scrolls of summoning
Potions
 b - a potion of ambrosia
 d - 2 potions of heal wounds {unknown}
 e - 2 potions of lignification {unknown}
 g - a potion of mutation {unknown}


   Skills:
 - Level 3.0 Fighting
 + Level 2.9 Dodging
 + Level 2.9 Unarmed Combat
 * Level 1.3 Evocations
 * Level 1.2 Shapeshifting


You had 2 spell levels left.
You didn't know any spells.
Your spell library contained the following spells:

 Spells                   Type           Power      Damage    Failure   Level
 Blink                    Tloc           0%         N/A       50%         2
 Lesser Beckoning         Tloc           0%         N/A       50%         2
 Momentum Strike          Conj/Tloc      0%         3d8       50%         2


Dungeon Overview and Level Annotations

Branches:
Dungeon (2/15)

Altars:


Innate Abilities, Weirdness & Mutations

You are partially covered in icy blue scales. (AC +2)
Spells you cast may paralyse adjacent enemies.


Message History

The kobold shouts!
The kobold throws a stone.
The stone misses you. The kobold closely misses you.
The frilled lizard bites you.
You completely miss the kobold. The kobold hits you but does no damage.
The frilled lizard misses you.
You barely miss the kobold. The kobold closely misses you.
The frilled lizard closely misses you.
You hit the kobold.
The kobold is moderately wounded.
The kobold hits you but does no damage. The frilled lizard bites you.
You hit the kobold.
The kobold is severely wounded.
The kobold hits you but does no damage.
The frilled lizard bites you but does no damage.
You hit the kobold.
You kill the kobold!
The frilled lizard bites you but does no damage.
You hit the frilled lizard.
You kill the frilled lizard!
No target in view!
No target in view!
No target in view!
No target in view!
No target in view!
No target in view!
No target in view!
No target in view!
No target in view!
A goblin comes into view. It is wielding a +0 club.
The goblin shouts!
A goblin is nearby!
The goblin closely misses you.
You hit the goblin.
You kill the goblin!
You have reached level 3!
Your experience leads to an increase in your attributes!
Increase (S)trength, (I)ntelligence, or (D)exterity?
You feel stronger. x2; Your demonic ancestry asserts itself...
A menacing aura infuses your magic.
Are you sure you want to abandon this character and quit the game? (Confirm with "yes".)

#######
#.........###
#.........#
##.#......#
#.#.#.##.#
#.#.#..#.#
#.#.##.#.######.#
#. .#........#
#.#######....#..#
#.....)@.....#
###...###....#
..... ........
###. .#...### ..
#. ...# ## #.
..... #. ######


There were no monsters in sight!

Vanquished Creatures
  2 dart slugs
  A bat (D:1)
  3 endoplasms (D:1)
  A giant cockroach (D:1)
  3 goblins
  2 hobgoblins (D:1)
  2 kobolds
  A quokka (D:1)
  3 ball pythons (D:1)
  2 frilled lizards
  A rat (D:1)
21 creatures vanquished.

Notes
Turn   | Place    | Note
-------+----------+-------------------------------------------
     0 | D:1      | Gadfly the Demonspawn Monk began the quest for the Orb.
     0 | D:1      | Reached XP level 1. HP: 18/18 MP: 1/1
   190 | D:1      | Gained mutation: You are partially covered in icy blue
                  | scales. (AC +2) [demonic ancestry]
   190 | D:1      | Reached XP level 2. HP: 23/24 MP: 2/2
   305 | D:1      | Reached skill level 1 in Evocations
   430 | D:1      | Reached skill level 1 in Shapeshifting
  1043 | D:2      | Gained mutation: Spells you cast may paralyse adjacent
                  | enemies. [demonic ancestry]
  1043 | D:2      | Reached XP level 3. HP: 29/29 MP: 3/3
  1043 | D:2      | Quit the game

Illustrated notes

Levels and vault maps discovered:
D:1:      amcnicky_arrival_abandoned_market, layout_loops_ring,
          kennysheep_flooded_box
D:2:      layout_basic, minmay_surrounded, uniq_terence

Skill      XL: |  1  2 |
---------------+-------+-----
Evocations     | 1 |  1.3
Shapeshifting  | 1 |  1.2
Fighting       | |  3.0
Dodging        | |  2.9
Unarmed Combat | |  2.9

Action                     || total
---------------------------++-------
  Melee: Unarmed           ||    53
    Use: Scroll            ||     4
 Armour: Robe              ||    25
  Dodge: Dodged            ||    26
